 Dungeon Crawl Stone Soup version 0.25-a0-424-g80bd347ae0 (webtiles) character file.

Game seed: 9948073635070701450, levelgen mode: deterministic

74 tilp the Conjurer (level 4, -7/24 HPs)
             Began as a Tengu Air Elementalist on Jan 23, 2020.
             Shot with an arrow by a centaur (13 damage)
             ... on level 2 of the Dungeon.
             The game lasted 00:03:55 (1722 turns).

tilp the Conjurer (Tengu Air Elementalist)          Turns: 1722, Time: 00:03:56

Health: -7/24      AC:  2    Str:  8    XL:     4   Next: 28%
Magic:  8/8        EV: 12    Int: 17    God:
Gold:   52         SH:  0    Dex: 14    Spells: 1/7 levels left

rFire    . . .     SeeInvis .   a - +0 quarterstaff (vorpal)
rCold    . . .     Gourm    .   (shield currently unavailable)
rNeg     . . .     Faith    .   o - +0 robe
rPois    .         Spirit   .   (helmet restricted)
rElec    .         Reflect  .   (no cloak)
rCorr    .         Harm     .   (no gloves)
MR       .....                  (boots unavailable)
Stlth    ++........             (no amulet)
HPRegen  0.08/turn              (no ring)
MPRegen  0.11/turn              (no ring)

@: no status effects
A: beak, talons 3
a: no special abilities


You were on level 2 of the Dungeon.
You were not hungry.

You visited 1 branch of the dungeon, and saw 2 of its levels.

You collected 52 gold pieces.

Inventory:

Hand Weapons
 a - a +0 vorpal quarterstaff (weapon)
Missiles
 e - 40 stones (quivered)
 l - 3 boomerangs
Armour
 o - a +0 robe (worn)
Jewellery
 f - a +3 ring of protection {unknown}
 n - an uncursed ring of magical power {unknown}
Scrolls
 h - 3 scrolls of identify
 i - a scroll of fear {unknown}
 k - a scroll of enchant weapon {unknown}
 q - a scroll of remove curse {unknown}
Potions
 b - a potion of curing
 g - a potion of flight {unknown}
 j - a potion of heal wounds {unknown}
 m - a potion of degeneration {unknown}
 p - a potion of invisibility {unknown}
 r - a potion of lignification {unknown}
Comestibles
 c - 4 rations
 d - 9 chunks of flesh


   Skills:
 - Level 2.1 Dodging
 - Level 2.0 Stealth
 - Level 2.0 Spellcasting
 + Level 4.8 Conjurations
 + Level 4.6 Air Magic


You had one spell level left.
You knew the following spells:

 Your Spells              Type           Power        Failure   Level  Hunger
a - Shock                 Conj/Air       ###.         2%          1    #......
b - Swiftness             Chrm/Air       #.......     12%         2    ###....
c - Static Discharge      Conj/Air       ###.....     9%          3    ###....

Your spell library contained the following spells:

 Spells                   Type           Power        Failure   Level  Hunger
 Airstrike                Air            ###.......   28%         4    #####..
 Lightning Bolt           Conj/Air       ###.......   61%         5    ######.


Dungeon Overview and Level Annotations

Branches:
Dungeon (2/15)

Altars:
Xom


Innate Abilities, Weirdness & Mutations

You have a beak for a mouth.
You have claws for feet.


Message History

e - 40 stones (gained 15)
A centaur comes into view.
The helpless centaur fails to defend itself.
You hit the centaur but do no damage. The centaur hits you!
The centaur closely misses you.
You hit the centaur.
The centaur is moderately wounded.
The centaur hits you.
* * * LOW HITPOINT WARNING * * *
The centaur hits you.
* * * LOW HITPOINT WARNING * * *
Unknown command.
You barely miss the centaur.
The centaur is moderately wounded.
The centaur barely misses you. x2
Unknown command.
The centaur wields a +0 shortbow.
The centaur shoots an arrow.
The arrow hits you!
Ouch! That really hurt!
You die...

#.###.....#..# #.#
##.#.....# #.#
#..#..#...# ..#
#.###รท# #.#
#####.....#...###
......#[.......#
.##.###.###....# #
#....#..# #..#
.####.#@.#....# .#
........###.#......
#####.#c# #.#...##.
#.... ..#.#.#
#########.#...
...... ## ###


You could see a centaur.

Vanquished Creatures
  2 adders (D:2)
  An ooze (D:2)
  A dart slug (D:2)
  A giant cockroach (D:2)
  3 goblins (D:2)
  12 hobgoblins
  7 jackals
  3 kobolds (D:1)
  7 bats
  2 frilled lizards
  7 rats
46 creatures vanquished.

Notes
Turn   | Place    | Note
-------+----------+-------------------------------------------
     0 | D:1      | tilp the Tengu Air Elementalist began the quest for the
                  | Orb.
     0 | D:1      | Reached XP level 1. HP: 10/10 MP: 4/4
   264 | D:1      | Reached XP level 2. HP: 15/15 MP: 0/6
   271 | D:1      | Learned a level 2 spell: Swiftness
  1053 | D:2      | Found a shimmering altar of Xom.
  1114 | D:2      | Reached XP level 3. HP: 19/19 MP: 3/7
  1467 | D:2      | Reached XP level 4. HP: 24/24 MP: 1/8
  1472 | D:2      | Learned a level 3 spell: Static Discharge
  1716 | D:2      | Noticed a centaur
  1722 | D:2      | Shot with an arrow by a centaur

Levels and vault maps discovered:
D:1:      dpeg_arrival_simpleton_b, layout_basic
D:2:      layout_loops_corners, xom_teletrap_fun, minmay_pentomino_t4

Skill      XL: |  1  2 |
---------------+-------+-----
Conjurations   | 2 4 |  4.8
Dodging        | |  2.1
Stealth        | |  2.0
Spellcasting   | |  2.0
Air Magic      | |  4.6

Action                   |  1- 3 |  4- 6 || total
-------------------------+-------+-------++-------
Melee: Short sword       |    15 |     2 ||    17
       Kick              |     4 |     2 ||     6
       Peck              |     2 |     1 ||     3
       Quarterstaff      |       |     4 ||     4
 Cast: Shock             |    76 |     7 ||    83
  Use: Scroll            |     1 |       ||     1
 Stab: Sleeping          |     1 |     1 ||     2
  Eat: Chunk             |     3 |     1 ||     4
Armor: Robe              |     8 |       ||     8
Dodge: Dodged            |    19 |     4 ||    23

Table legend:
 A = Non-vault XP
 B = Vault XP
 C = Vault XP percentage of total XP
 D = Non-vault monster count
 E = Vault monster count
 F = Vault count percentage of total count
                 A         B        C        D         E       F
            +---------+---------+-------+---------+---------+-------
      Total |      97 |       9 |   8.5 |      42 |       4 |   8.7
            +---------+---------+-------+---------+---------+-------
        D:1 |      31 |       0 |   0.0 |      21 |       0 |   0.0
        D:2 |      66 |       9 |  12.0 |      21 |       4 |  16.0
            +---------+---------+-------+---------+---------+-------
